A- EAST
LYNCHBURG HILLCATS @ MYRTLE BEACH PELICANS
07/08/2041
 
TOP OF THE 1ST
Lynchburg Hillcats batting - Pitching for Myrtle Beach Pelicans : RHP Víctor Martínez
Pitching: RHP Víctor Martínez
Batting: SHB Sid Dyer 0-0: Ball
1-0: Ball
2-0: Ball
3-0: Base on Balls
Batting: RHB Luis Rodríguez 0-0: Called Strike
0-1: Ball
1-1: Sac Bunt to 13 - play at first, batter safe!
Sid Dyer to second
Batting: LHB Ron Cotton 0-0: Foul Ball, location: 7LMF
0-1: Ball
1-1: Called Strike
1-2: Ball
2-2: Grounds into double play, 4-6-3 (Groundball, 4, EV 101.9 MPH)
Sid Dyer to third
Batting: RHB Mike Phillips 0-0: Called Strike
0-1: Ball
1-1: Ball
2-1: Ball
3-1: Base on Balls
Batting: LHB Himayati Fox 0-0: Fly out, F9 (Flyball, 89M, EV 73.8 MPH)
Top of the 1st over - 0 runs, 1 hit, 0 errors, 2 left on base; Lynchburg 0 - Myrtle Beach 0
BOTTOM OF THE 1ST
Myrtle Beach Pelicans batting - Pitching for Lynchburg Hillcats : LHP Orlando Ortíz
Pitching: LHP Orlando Ortíz
Batting: RHB Dave Scott 0-0: Hit by Pitch
Batting: RHB Joe Bowles 0-0: Ball
1-0: Sac Bunt to 3S - play at first, batter OUT! 3-1
Dave Scott to second
Batting: RHB Gjergi Pojani 0-0: Ball
1-0: Fly out, F7 (Flyball, 7D, EV 108.8 MPH)
Batting: RHB Ed Kirby 0-0: Ball
1-0: Swinging Strike
1-1: Fly out, F9 (Flyball, 9D, EV 102.5 MPH)
Bottom of the 1st over - 0 runs, 0 hits, 0 errors, 1 left on base; Lynchburg 0 - Myrtle Beach 0
TOP OF THE 2ND
Lynchburg Hillcats batting - Pitching for Myrtle Beach Pelicans : RHP Víctor Martínez
Batting: SHB Ron Meadows 0-0: Called Strike
0-1: Foul Ball, location: 2F
0-2: Ball
1-2: Ball
2-2: Fly out, F7 (Flyball, 78S, EV 90.0 MPH)
Batting: RHB Orlando Moya 0-0: Fly out, F7 (Flyball, 7, EV 95.6 MPH)
Batting: RHB Dan Williams 0-0: Called Strike
0-1: Ground out 5-3 (Groundball, 56, EV 84.4 MPH)
Top of the 2nd over - 0 runs, 0 hits, 0 errors, 0 left on base; Lynchburg 0 - Myrtle Beach 0
BOTTOM OF THE 2ND
Myrtle Beach Pelicans batting - Pitching for Lynchburg Hillcats : LHP Orlando Ortíz
Batting: RHB Edgar Rodríguez 0-0: Ball
1-0: Ball
2-0: Foul Ball, location: 9LSF
2-1: Foul Ball, location: 5F
2-2: Ground out 5-3 (Groundball, 5, EV 86.3 MPH)
Batting: RHB Kevin Fry 0-0: Ball
1-0: Swinging Strike
1-1: Called Strike
1-2: Ball
2-2: Ball
3-2: Foul Ball, location: 9LMF
3-2: Strikes out looking
Batting: RHB Ron Austin 0-0: Ground out 4-3 (Groundball, 13, EV 85.0 MPH)
Bottom of the 2nd over - 0 runs, 0 hits, 0 errors, 0 left on base; Lynchburg 0 - Myrtle Beach 0
TOP OF THE 3RD
Lynchburg Hillcats batting - Pitching for Myrtle Beach Pelicans : RHP Víctor Martínez
Batting: LHB Bob Fitzgerald 0-0: Ball
1-0: Ground out U3 (Groundball, 34S, EV 78.1 MPH)
Batting: SHB Sid Dyer 0-0: Foul Ball, location: 2F
0-1: Foul Ball, location: 7LSF
0-2: Fly out, F7 (Flyball, 78XD, EV 90.6 MPH)
Batting: RHB Luis Rodríguez 0-0: Ball
1-0: Ball
2-0: Foul Ball, location: 5FF
2-1: Fly out, F4 (Popup, 4MS, EV 73.8 MPH)
Top of the 3rd over - 0 runs, 0 hits, 0 errors, 0 left on base; Lynchburg 0 - Myrtle Beach 0
BOTTOM OF THE 3RD
Myrtle Beach Pelicans batting - Pitching for Lynchburg Hillcats : LHP Orlando Ortíz
Batting: LHB Juan Dávila 0-0: Ground out 4-3 (Groundball, 4, EV 84.4 MPH)
Batting: SHB Fabião Altamirano 0-0: Called Strike
0-1: Ball
1-1: Ball
2-1: Ball
3-1: SINGLE (Line Drive, 7LS, EV 95.0 MPH)
Batting: RHB Dave Scott 0-0: SINGLE (Line Drive, 78M, EV 105.6 MPH)
Fabião Altamirano to second
Batting: RHB Joe Bowles 0-0: Foul Ball, location: 5DF
0-1: Ball
1-1: SINGLE (Flyball, 89S, EV 85.6 MPH)
Fabião Altamirano to third
Dave Scott to second
Batting: RHB Gjergi Pojani 0-0: Foul Ball, location: 2F
0-1: Ball
1-1: Ball
2-1: Foul Ball, location: 2F
2-2: Foul Ball, location: 23F
2-2: Ball
3-2: Foul Ball, location: 9LMF
3-2: Fly out, F8 (Flyball, 8RM, EV 81.3 MPH)
Batting: RHB Ed Kirby 0-0: Ball
1-0: Ball
Wild Pitch!
Fabião Altamirano scores
Dave Scott to third
Joe Bowles to second
2-0: Called Strike
2-1: Ground out 5-3 (Groundball, 15, EV 92.5 MPH)
Bottom of the 3rd over - 1 run, 3 hits, 0 errors, 2 left on base; Lynchburg 0 - Myrtle Beach 1
TOP OF THE 4TH
Lynchburg Hillcats batting - Pitching for Myrtle Beach Pelicans : RHP Víctor Martínez
Batting: LHB Ron Cotton 0-0: Called Strike
0-1: Ball
1-1: Ground out 3-1 (Groundball, 34S, EV 80.6 MPH)
Batting: RHB Mike Phillips 0-0: Called Strike
0-1: Ball
1-1: Ball
2-1: Ball
3-1: Foul Ball, location: 5SF
3-2: Ground out 5-3 (Groundball, 5L, EV 90.0 MPH)
Batting: LHB Himayati Fox 0-0: Ground out 4-3 (Groundball, 4, EV 92.5 MPH)
Top of the 4th over - 0 runs, 0 hits, 0 errors, 0 left on base; Lynchburg 0 - Myrtle Beach 1
BOTTOM OF THE 4TH
Myrtle Beach Pelicans batting - Pitching for Lynchburg Hillcats : LHP Orlando Ortíz
Batting: RHB Edgar Rodríguez 0-0: Ball
1-0: Foul Ball, location: 7LMF
1-1: Called Strike
1-2: Hit by Pitch
Batting: RHB Kevin Fry 0-0: Ball
1-0: Called Strike
1-1: Sac Bunt to 3S - play at first, batter OUT! 3-4
Edgar Rodríguez to second
Batting: RHB Ron Austin 0-0: Called Strike
0-1: Ball
1-1: Ball
2-1: Foul Ball, location: 23F
2-2: Strikes out swinging
Batting: LHB Juan Dávila 0-0: Foul Ball, location: 2F
0-1: Ball
1-1: Ball
2-1: Foul Ball, location: 2F
2-2: Ball
3-2: Base on Balls
Batting: SHB Fabião Altamirano 0-0: Ball
1-0: Swinging Strike
1-1: Swinging Strike
1-2: Strikes out swinging
Bottom of the 4th over - 0 runs, 0 hits, 0 errors, 2 left on base; Lynchburg 0 - Myrtle Beach 1
TOP OF THE 5TH
Lynchburg Hillcats batting - Pitching for Myrtle Beach Pelicans : RHP Víctor Martínez
Batting: SHB Ron Meadows 0-0: Foul Ball, location: 2F
0-1: Ball
1-1: Ball
2-1: Ground out 6-3 (Groundball, 6, EV 86.3 MPH)
Batting: RHB Orlando Moya 0-0: Ground out 5-3 (Groundball, 56S, EV 74.4 MPH)
Batting: RHB Dan Williams 0-0: Called Strike
0-1: Ball
1-1: Ball
2-1: Called Strike
2-2: Fly out, F8 (Flyball, 89D, EV 103.8 MPH)
Top of the 5th over - 0 runs, 0 hits, 0 errors, 0 left on base; Lynchburg 0 - Myrtle Beach 1
BOTTOM OF THE 5TH
Myrtle Beach Pelicans batting - Pitching for Lynchburg Hillcats : LHP Orlando Ortíz
Batting: RHB Dave Scott 0-0: Foul Ball, location: 2F
0-1: Ball
1-1: Ball
2-1: Ball
3-1: Base on Balls
Batting: RHB Joe Bowles 0-0: Ball
1-0: Bunted foul
1-1: Bunt missed!
1-2: Hit by Pitch
Dave Scott to second
Batting: RHB Gjergi Pojani 0-0: Fly out, F3 (Popup, 3SF, EV 78.1 MPH)
Batting: RHB Ed Kirby 0-0: Ball
1-0: Foul Ball, location: 3SF
1-1: Called Strike
1-2: Foul Ball, location: 9LSF
1-2: Ball
2-2: Ball
3-2: Foul Ball, location: 2F
3-2: Base on Balls
Dave Scott to third
Joe Bowles to second
Pitching: RHP Itze Santegoeds
Batting: RHB Edgar Rodríguez 0-0: Ball
1-0: Hit by Pitch
Dave Scott scores
Joe Bowles to third
Ed Kirby to second
Batting: RHB Kevin Fry 0-0: Called Strike
0-1: Foul Ball, location: 3F
0-2: Ball
1-2: Fly out, F6 (Popup, 4MD, EV 66.9 MPH)
Batting: RHB Ron Austin 0-0: Ball
1-0: Ball
2-0: Foul Ball, location: 5F
2-1: Swinging Strike
2-2: Ball
3-2: Fly out, F7 (Flyball, 78M, EV 91.9 MPH)
Bottom of the 5th over - 1 run, 0 hits, 0 errors, 3 left on base; Lynchburg 0 - Myrtle Beach 2
TOP OF THE 6TH
Lynchburg Hillcats batting - Pitching for Myrtle Beach Pelicans : RHP Víctor Martínez
Batting: LHB Bob Fitzgerald 0-0: Ball
1-0: Called Strike
1-1: Foul Ball, location: 5SF
1-2: Strikes out swinging
Batting: SHB Sid Dyer 0-0: Ball
1-0: Called Strike
1-1: SOLO HOME RUN (Flyball, 9LD, EV 98.1 MPH), Distance : 406 ft
Batting: RHB Luis Rodríguez 0-0: Ball
1-0: Foul Ball, location: 9LSF
1-1: Ground out 4-3 (Groundball, 4, EV 104.4 MPH)
Batting: LHB Ron Cotton 0-0: Called Strike
0-1: Ball
1-1: Fly out, F8 (Line Drive, 8RM, EV 97.5 MPH)
Top of the 6th over - 1 run, 1 hit, 0 errors, 0 left on base; Lynchburg 1 - Myrtle Beach 2
BOTTOM OF THE 6TH
Myrtle Beach Pelicans batting - Pitching for Lynchburg Hillcats : RHP Itze Santegoeds
Batting: LHB Juan Dávila 0-0: Ball
1-0: Called Strike
1-1: DOUBLE (Flyball, 8RXD, EV 91.3 MPH)
Batting: SHB Fabião Altamirano 0-0: Called Strike
0-1: Foul Ball, location: 7LDF
0-2: Ball
1-2: Strikes out swinging
Batting: RHB Dave Scott 0-0: Ball
1-0: Single, Error in OF, E8, batter to second base (Groundball, 6MD, EV 103.8 MPH)
Juan Dávila scores
Batting: RHB Joe Bowles 0-0: Called Strike
0-1: Called Strike
0-2: Ball
1-2: Strikes out swinging
Batting: RHB Gjergi Pojani 0-0: Called Strike
0-1: Foul Ball, location: 7LSFF
0-2: Ball
1-2: Foul Ball, location: 9LSF
1-2: Fly out, F8 (Flyball, 78D, EV 108.8 MPH)
Bottom of the 6th over - 1 run, 2 hits, 1 error, 1 left on base; Lynchburg 1 - Myrtle Beach 3
TOP OF THE 7TH
Lynchburg Hillcats batting - Pitching for Myrtle Beach Pelicans : RHP Víctor Martínez
Batting: RHB Mike Phillips 0-0: Called Strike
0-1: SINGLE (Groundball, 4MD, EV 103.1 MPH)
Batting: LHB Himayati Fox 0-0: Swinging Strike
0-1: Foul Ball, location: 2F
0-2: Strikes out looking
Pinch Hitting: RHB Wulf Visser 0-0: Fly out, F9 (Flyball, 9LM, EV 100.6 MPH)
Pinch Hitting: SHB Wesley van Emden 0-0: Ball
1-0: Ball
2-0: Called Strike
2-1: Ball
3-1: Fly out, F4 (Popup, 4M, EV 57.5 MPH)
Top of the 7th over - 0 runs, 1 hit, 0 errors, 1 left on base; Lynchburg 1 - Myrtle Beach 3
BOTTOM OF THE 7TH
Myrtle Beach Pelicans batting - Pitching for Lynchburg Hillcats : RHP Itze Santegoeds
Now at 2B: Wesley van Emden
Now in LF: Jeff Hensley
Batting: RHB Ed Kirby 0-0: Fly out, F7 (Line Drive, 7S, EV 105.6 MPH)
Batting: RHB Edgar Rodríguez 0-0: Swinging Strike
0-1: Swinging Strike
0-2: Strikes out looking
Batting: RHB Kevin Fry 0-0: Ball
1-0: Ball
2-0: Ball
3-0: Called Strike
3-1: Foul Ball, location: 2F
3-2: Foul Ball, location: 3DF
3-2: DOUBLE (Groundball, 5L, EV 105.0 MPH)
Batting: RHB Ron Austin 0-0: SINGLE (Line Drive, 9S, EV 96.3 MPH)
Kevin Fry to third
Runner from 3rd tries for Home, throw by RF and OUT! 9-2
Bottom of the 7th over - 0 runs, 2 hits, 0 errors, 1 left on base; Lynchburg 1 - Myrtle Beach 3
TOP OF THE 8TH
Lynchburg Hillcats batting - Pitching for Myrtle Beach Pelicans : RHP Víctor Martínez
Now at 1B: Edgar Rodríguez
Now at 3B: Alex Boyce
Now in RF: José Yepe
Batting: RHB Dan Williams 0-0: Ball
1-0: Swinging Strike
1-1: Foul Ball, location: 2F
1-2: Ball
2-2: Strikes out swinging
Pitching: LHP Willie Rosado
Pinch Hitting: RHB Dave Williams 0-0: Ball
1-0: Ball
2-0: Ball
3-0: Called Strike
3-1: Base on Balls
Pitching: RHP Edgardo Domínguez
Pinch Hitting: RHB Ben Clayton 0-0: Swinging Strike
0-1: Ball
1-1: Called Strike
1-2: Strikes out swinging
Pinch Hitting: SHB Ernesto Méndez 0-0: Ball
1-0: Ball
2-0: Called Strike
2-1: SINGLE (Groundball, 56, EV 101.3 MPH)
Dave Williams to second
Batting: LHB Ron Cotton 0-0: Fielders Choice at 2nd, 6-4 (Groundball, 6, EV 86.9 MPH)
Top of the 8th over - 0 runs, 1 hit, 0 errors, 2 left on base; Lynchburg 1 - Myrtle Beach 3
BOTTOM OF THE 8TH
Myrtle Beach Pelicans batting - Pitching for Lynchburg Hillcats : RHP Itze Santegoeds
Now at 1B: Dave Williams
Now at 2B: Jim England
Now at 3B: Mike Phillips
Now at SS: Wesley van Emden
Now in CF: Ben Clayton
Batting: LHB Juan Dávila 0-0: Called Strike
0-1: Swinging Strike
0-2: Ball
1-2: Strikes out looking
Batting: SHB Fabião Altamirano 0-0: Called Strike
0-1: Ball
1-1: Ground out 6-3 (Groundball, 6, EV 80.0 MPH)
Batting: RHB Dave Scott 0-0: Swinging Strike
0-1: Swinging Strike
0-2: Strikes out swinging
Bottom of the 8th over - 0 runs, 0 hits, 0 errors, 0 left on base; Lynchburg 1 - Myrtle Beach 3
TOP OF THE 9TH
Lynchburg Hillcats batting - Pitching for Myrtle Beach Pelicans : RHP Edgardo Domínguez
Pitching: LHP Dave Cox
Batting: RHB Mike Phillips 0-0: SOLO HOME RUN (Flyball, 7LD, EV 96.3 MPH), Distance : 362 ft
Pinch Hitting: RHB Pat Vanstone 0-0: Called Strike
0-1: Ball
1-1: Fly out, F6 (Popup, 6MS, EV 78.1 MPH)
Batting: RHB Jeff Hensley 0-0: Foul Ball, location: 2F
0-1: Ball
1-1: Ball
2-1: Called Strike
2-2: Fly out, F3 (Popup, 3, EV 62.5 MPH)
Batting: SHB Wesley van Emden 0-0: Foul Ball, location: 9LDF
0-1: Ball
1-1: Called Strike
1-2: SINGLE (Line Drive, 7LD, EV 103.1 MPH)
Pinch Hitting: LHB Jorge López 0-0: Fly out, F4 (Popup, 4, EV 73.1 MPH)
Top of the 9th over - 1 run, 2 hits, 0 errors, 1 left on base; Lynchburg 2 - Myrtle Beach 3
Monday, April 1st , 2024 - OOTP Baseball 24.10 Build 82